 Dungeon Crawl Stone Soup version 0.21.0-25-ge575cb9 (webtiles) character file.

67 DogShitOnMyToe the Ruffian (level 4, -9/40 HPs)
             Began as a Ghoul Monk on Jan 23, 2018.
             Mangled by Crazy Yiuf
             ... wielding a +4 quarterstaff of chaos
              (10 damage)
             ... on level 2 of the Dungeon.
             The game lasted 00:03:01 (2128 turns).

DogShitOnMyToe the Ruffian (Ghoul Monk)             Turns: 2128, Time: 00:03:02

Health: -9/40      AC:  2    Str: 14 (15) XL:     4   Next: 16%
Magic:  3/3        EV:  9    Int:  7 (10) God:
Gold:   89         SH:  6    Dex:  9 (11) Spells: 3/3 levels left

rFire    . . .     SeeInvis .     - Unarmed
rCold    + . .     Gourm    .   n - +0 shield (curse)
rNeg     + + +     Faith    .   a - +0 robe
rPois    ∞         Spirit   .   (no helmet)
rElec    .         Reflect  .   (no cloak)
rCorr    .         Harm     .   (no gloves)
MR       .....                  (no boots)
Stlth    ++........             (no amulet)
HPRegen  0.00/turn              (no ring)
MPRegen  0.08/turn              (no ring)

@: brilliant, rotting, slowed, very slow
A: rotting body, claws 1, carnivore, cold resistance 1, negative energy
resistance 3, inhibited regeneration, torment resistance, unbreathing
a: no special abilities


You were on level 2 of the Dungeon.
You were not hungry.

You visited 1 branch of the dungeon, and saw 2 of its levels.

You collected 89 gold pieces.

Inventory:

Armour
 a - a +0 robe (worn)
 n - a cursed +0 shield (worn)
Scrolls
 d - a scroll of fog {unknown}
 e - a scroll of enchant armour {unknown}
 g - a scroll of noise {unknown}
 h - 3 scrolls of teleportation
 i - 2 scrolls of remove curse
 m - a scroll of amnesia {unknown}
 o - a scroll of immolation {unknown}
Comestibles
 b - 10 rations


   Skills:
 + Level 4.0 Fighting
 - Level 2.6 Dodging
 - Level 2.1 Stealth
 * Level 0.0 Shields
 * Level 4.8 Unarmed Combat


You had 3 spell levels left.
You didn't know any spells.

Dungeon Overview and Level Annotations

Branches:
Dungeon (2/15)

Altars:

Annotations:
D:2 Crazy Yiuf


Innate Abilities, Weirdness & Mutations

Your body is rotting away.
You thrive on raw meat.
You are immune to poison.
You have sharp fingernails.
You are carnivorous and can eat meat at any time.
Your flesh is cold resistant. (rC+)
You are immune to negative energy. (rN+++)
You do not regenerate when monsters are visible.
You are immune to unholy pain and torment.
You can survive without breathing.


Message History

Crazy Yiuf hits you with a quarterstaff of chaos!
* * * LOW HITPOINT WARNING * * *
You scratch Crazy Yiuf but do no damage.
Crazy Yiuf hits you with a quarterstaff of chaos!
* * * LOW HITPOINT WARNING * * *
You feel yourself slow down.
You claw Crazy Yiuf! Crazy Yiuf closely misses you.
You scratch Crazy Yiuf but do no damage.
Crazy Yiuf says, "Hack noodlescoop canine!"
Crazy Yiuf barely misses you.
Crazy Yiuf hits you with a quarterstaff of chaos!
* * * LOW HITPOINT WARNING * * *
Crazy Yiuf freezes you.
* * * LOW HITPOINT WARNING * * *
You scratch Crazy Yiuf. Crazy Yiuf completely misses you.
You scratch Crazy Yiuf. Crazy Yiuf barely misses you.
You scratch Crazy Yiuf.
Crazy Yiuf laughs, "Mugger!
Whippet pizzabubble canine."
Crazy Yiuf hits you with a quarterstaff of chaos!
You die...

####.###...#
♣.♣♣ #.#
...........#
♣♣.♣ #.#
####.###...#
♣♣.♣♣ #.# #.#
##.## ♣♣.P.♣
#.# ####.# #..#
♣P..P♣ #.#
.....# ####
#....# #.#
####### ######
#....# #.#
#...... #.g.##
#.# #.####.
##@#####.####.#
#.
#.......>....#
##
##############


You could see Crazy Yiuf.

Vanquished Creatures
  2 adders (D:2)
  An ooze (D:1)
  A worm (D:2)
  A dart slug (D:1)
  5 giant cockroaches
  3 hobgoblins (D:1)
  5 jackals (D:1)
  A ball python (D:2)
  3 bats
  2 frilled lizards
  3 goblins
  6 kobolds
  7 rats
40 creatures vanquished.

Notes
Turn   | Place    | Note
-------+----------+-------------------------------------------
     0 | D:1      | DogShitOnMyToe the Ghoul Monk began the quest for the Orb.
     0 | D:1      | Reached XP level 1. HP: 19/19 MP: 0/0
   178 | D:1      | Reached XP level 2. HP: 26/26 MP: 1/1
   541 | D:1      | Reached skill level 4 in Unarmed Combat
   744 | D:1      | Reached XP level 3. HP: 26/33 MP: 2/2
  1118 | D:2      | HP: 16/33 [kobold/dagger (4)]
  1309 | D:2      | Reached skill level 4 in Fighting
  1380 | D:2      | Reached XP level 4. HP: 32/40 MP: 3/3
  1688 | D:2      | Found a runed door.
  1907 | D:2      | Noticed Crazy Yiuf
  1915 | D:2      | HP: 16/40 [Crazy Yiuf/quarterstaff of chaos (6)]
  2122 | D:2      | HP: 17/40 [Crazy Yiuf/quarterstaff of chaos (10)]
  2125 | D:2      | HP: 2/40 [Crazy Yiuf/quarterstaff of chaos (7)]
  2128 | D:2      | Mangled by Crazy Yiuf

Skill      XL: |  1  2  3 |
---------------+----------+-----
Unarmed Combat | 4 |  4.8
Fighting       | 4 |  4.0
Dodging        | |  2.6
Stealth        | |  2.1

Action                   |  1- 3 |  4- 6 || total
-------------------------+-------+-------++-------
Melee: Unarmed           |    90 |    28 ||   118
  Use: Scroll            |       |     4 ||     4
       Potion            |       |     3 ||     3
 Stab: Sleeping          |     7 |     2 ||     9
  Eat: Chunk             |     4 |     1 ||     5
Armor: Robe              |    15 |     1 ||    16
Dodge: Dodged            |    50 |     9 ||    59
Block: Shield            |       |     5 ||     5
